 Dungeon Crawl Stone Soup version 0.32-a0-834-geaf45d8e21 (webtiles) character file.

Game seed: 5909631314051629929

2131 Shayle the Covered (level 9, -4/68 HPs)
             Began as a Coglin Alchemist on Mar 25, 2024.
             Was an Initiate of Beogh.
             Slain by a two-headed ogre
             ... wielding a +0 giant spiked club
              (16 damage)
             ... on level 9 of the Dungeon.
             The game lasted 00:22:24 (7441 turns).

Shayle the Covered (Coglin Alchemist)               Turns: 7441, Time: 00:22:26

Health: -4/68      AC: 14    Str:  9    XL:     9   Next: 30%
Magic:  9/13       EV: 11    Int: 15    God:    Beogh [......]
Gold:   23         SH:  0    Dex: 18    Spells: 7/11 levels left

rFire   . . .        c - +0 mace {Henutemipet}
rCold   . . .        i - +5 hammer (protect) {Jihoo}
rNeg    . . .        a - +0 robe
rPois   .            (no helmet)
rElec   .            y - +0 cloak {Stlth+}
rCorr   .            t - +2 pair of gloves
SInv    .            (no boots)
Will    .....        (amulet unavailable)
Stlth   +++          (ring unavailable)
HPRegen 0.31/turn    (ring unavailable)
MPRegen 0.13/turn    (no gizmo)

%: no passive effects
@: under a protective aura, revved
A: off-hand wielding, slow wielding, warmup strikes, no jewellery
a: Invent Gizmo, Renounce Religion


You were on level 9 of the Dungeon.
You worshipped Beogh.
Beogh was noncommittal.
You visited 2 branches of the dungeon, and saw 10 of its levels.

You collected 272 gold pieces.
You spent 249 gold pieces at shops.

Inventory:

Hand Weapons
 c - a +0 mace (weapon) {Henutemipet}
 d - a +0 whip {Fernanda}
 i - a +5 hammer of protection (offhand) {Jihoo}
Armour
 a - a +0 robe (worn)
 t - a +2 pair of gloves (worn)
 u - the +5 plate armour "Ammu Uri" {rF+ rC- Will+ Int+3}
   (You found it on level 6 of the Dungeon)

   Int+3:     It affects your intelligence (+3).
   rF+:       It protects you from fire.
   rC-:       It makes you vulnerable to cold.
   Will+:     It increases your willpower.
 y - a +0 cloak of stealth (worn)
Wands
 m - a wand of roots (4)
 q - a wand of mindburst (5)
 x - a wand of flame (19)
 A - a wand of digging (7)
Scrolls
 g - a scroll of amnesia {unknown}
 h - a scroll of noise
 j - a scroll of fog {unknown}
 k - 5 scrolls of teleportation
 n - 2 scrolls of immolation {unknown}
 o - 3 scrolls of blinking
 v - 2 scrolls of brand weapon {unknown}
 w - a scroll of vulnerability {unknown}
 B - a scroll of poison {unknown}
 C - a scroll of identify
Potions
 b - a potion of magic
 e - 5 potions of curing
 f - 3 potions of degeneration
 p - 2 potions of brilliance
 r - a potion of lignification {unknown}
 s - 2 potions of enlightenment
 z - a potion of berserk rage {unknown}


   Skills:
 - Level 5.0 Fighting
 - Level 1.1 Ranged Weapons
 + Level 6.7 Armour
 - Level 1.7 Dodging
 - Level 1.5 Stealth
 - Level 1.7 Spellcasting
 - Level 0.8 Conjurations
 - Level 3.2 Alchemy
 + Level 6.2 Invocations


You had 7 spell levels left.
You knew the following spells:

 Your Spells              Type           Power      Damage    Failure   Level
a - Sting                 Conj/Alch      28%        1d4       10%         1
b - Mephitic Cloud        Conj/Alch/Air  5%         N/A       36%         3

Your spell library contained the following spells:

 Spells                   Type           Power      Damage    Failure   Level
 Magic Dart               Conj           12%        1d3       16%         1
 Mercury Vapours          Alch/Air       12%        N/A       17%         2
 Freeze                   Ice            4%         1d3       22%         1
 Necrotise                Necr           4%         1d4       22%         1
 Summon Small Mammal      Summ           4%         N/A       22%         1
 Searing Ray              Conj           6%         2d4       24%         2
 Sublimation of Blood     Necr           1%         N/A       34%         2
 Olgreb's Toxic Radiance  Alch           11%        N/A       52%         4
 Call Canine Familiar     Summ           1%         N/A       56%         3
 Vampiric Draining        Necr           1%         2d6       56%         3
 Volatile Blastmotes      Fire/Tloc      2%         2d10      56%         3
 Fulminant Prism          Conj/Alch      3%         3d5       67%         4
 Petrify                  Alch/Erth      6%         N/A       75%         4
 Sticky Flame             Fire/Alch      6%         2d4       75%         4
 Iskenderun's Mystic Bla  Conj/Tloc      2%         2d3       88%         4
 Martyr's Knell           Necr/Summ      1%         N/A       92%         4
 Summon Blazeheart Golem  Fire/Summ      1%         N/A       92%         4
 Irradiate                Conj/Alch      3%         3d12      95%         5
 Curse of Agony           Necr           1%         N/A       99%         5


Dungeon Overview and Level Annotations

Branches:
Dungeon (9/15)             Temple (1/1) D:7
   Lair: D:8-11         Orc: D:9-12

Altars:
Ashenzari
Cheibriados
Elyvilon
Fedhas
Gozag
Hepliaklqana
Nemelex Xobeh
Okawaru
Qazlal
Ru
Sif Muna
Uskayaw
Vehumet
Wu Jian
Xom
Yredelemnul
Zin
The Shining One

Shops:
D:3 =   D:4 [   D:5 :   D:7 :   D:8 =[?=

Annotations:
D:2 1 runed translucent door, Crazy Yiuf


Innate Abilities, Weirdness & Mutations

You can wield a second weapon in your off-hand.
It takes a long time for you to wield or remove held weapons.
Your first few attacks do less damage.
You cannot equip rings or amulets.


Message History

You hit the two-headed ogre with your +5 hammer of protection.
The two-headed ogre is engulfed in noxious fumes.
Your magical contamination has completely faded away.
Unknown command.
You barely miss the two-headed ogre with your +0 mace.
The two-headed ogre is heavily wounded.
You hit the two-headed ogre with your +5 hammer of protection.
The two-headed ogre closely misses you. The two-headed ogre barely misses you.
The kobold brigand laughs crazily.
Unknown command.
The killer bee buzzes angrily.
You hit the two-headed ogre with your +5 hammer of protection.
The two-headed ogre is heavily wounded.
You hit the two-headed ogre with your +0 mace.
The two-headed ogre hits you with a +0 giant spiked club!
The two-headed ogre hits you with a +0 giant club!
Unknown command.
You strike the helpless two-headed ogre from behind!
You hit the two-headed ogre but do no damage.
The two-headed ogre is severely wounded.
You hit the two-headed ogre with your +5 hammer of protection.
The two-headed ogre seems less confused.
The two-headed ogre closely misses you.
The two-headed ogre hits you with a +0 giant club!
* * * LOW HITPOINT WARNING * * *
You feel much better.
The kobold brigand laughs crazily.
The killer bee stings you but does no damage.
The two-headed ogre hits you with a +0 giant spiked club!
* * * LOW HITPOINT WARNING * * *
The two-headed ogre closely misses you.
Unknown command.
You sock the two-headed ogre with your +5 hammer of protection!
The two-headed ogre is almost dead.
You hit the two-headed ogre with your +0 mace.
The killer bee misses you. The killer bee stings you.
* * * LOW HITPOINT WARNING * * *
The killer bee closely misses you. The two-headed ogre closely misses you.
The two-headed ogre hits you with a +0 giant club!
You die...

##### #...#...#
#...#...#
#...+...#
#...#.).#
#...#K).#
#...#...#
#...##@O#
#...##y.#
#.......#
#.......# ♣
#.......###.###
#.............
#........##.#
#...........#
#...##....###


You could see a two-headed ogre, a kobold brigand (confused) and a killer bee.

Vanquished Creatures
  Edmund (D:6)
  2 ice beasts
  4 black bears
  A sky beast (D:7)
  4 ogres
  A centaur (D:5)
  A phantom (D:7)
  2 bullfrogs
  A gnoll sergeant (D:8)
  A scorpion (D:6)
  A jelly (D:5)
  A gnoll bouda (D:7)
  5 hounds
  Natasha (thrice) (D:2)
  Terence (D:2)
  A sleepcap (D:4)
  2 orc wizards
  12 gnolls
  6 adders
  A shadow imp (D:7)
  A dart slug (D:3)
  13 orcs
  10 ball pythons
  4 bats
  3 endoplasms
  2 giant cockroaches
  6 hobgoblins
  4 jackals (D:4)
  6 quokkas
  3 frilled lizards
  3 goblins (D:1)
  12 kobolds
  4 rats
122 creatures vanquished.

Notes
Turn   | Place    | Note
-------+----------+-------------------------------------------
     0 | D:1      | Shayle the Coglin Alchemist began the quest for the Orb.
     0 | D:1      | Reached XP level 1. HP: 13/13 MP: 3/3
   366 | D:1      | Reached XP level 2. HP: 20/20 MP: 1/4
   508 | D:1      | Reached skill level 1 in Fighting
   553 | D:1      | Reached skill level 1 in Ranged Weapons
   553 | D:1      | Reached skill level 1 in Armour
   553 | D:1      | Reached XP level 3. HP: 5/26 MP: 0/5
   748 | D:1      | Reached skill level 1 in Invocations
  1049 | D:1      | Found a faded altar of an unknown god.
  1055 | D:1      | Got Plato's Papyrus of the Deep Freeze
  1176 | D:2      | Noticed Terence
  1198 | D:2      | Killed Terence
  1199 | D:2      | Reached XP level 4. HP: 16/33 MP: 0/6
  1361 | D:2      | Found a runed translucent door.
  1362 | D:2      | Noticed Crazy Yiuf
  1466 | D:2      | Noticed Natasha
  1504 | D:2      | Killed Natasha
  1571 | D:2      | Reached XP level 5. HP: 38/38 MP: 4/7
  1709 | D:2      | Noticed Natasha
  1725 | D:2      | Killed Natasha
  2068 | D:2      | Noticed Natasha
  2078 | D:2      | Killed Natasha
  2173 | D:3      | Found Sumic's Jewellery Emporium.
  3043 | D:4      | Found Piamn's Antique Armour Boutique.
  3101 | D:4      | Reached XP level 6. HP: 38/46 MP: 8/8
  3718 | D:5      | Entered Level 5 of the Dungeon
  3890 | D:5      | Found a hazy altar of Hepliaklqana.
  3891 | D:5      | Found a shimmering altar of Xom.
  3892 | D:5      | Noticed a spectral ugly thing
  3926 | D:5      | Found Okkynt's Self-Published Books.
  4064 | D:5      | Noticed a black bear
  4072 | D:5      | Killed a black bear
  4073 | D:5      | Reached XP level 7. HP: 53/53 MP: 5/9
  4321 | D:5      | Found Xiloi's CLEARANCE SALE!.
  4328 | D:5      | Bought a +2 pair of gloves for 66 gold pieces
  4328 | D:5      | Bought a potion of curing for 12 gold pieces
  4328 | D:5      | Bought a scroll of teleportation for 12 gold pieces
  4789 | D:6      | Reached XP level 8. HP: 61/61 MP: 10/10
  4872 | D:6      | Identified the +5 plate armour "Ammu Uri" {rF+ rC- Will+
                  | Int+3}
  4923 | D:6      | Reached skill level 5 in Fighting
  5145 | D:6      | Reached skill level 5 in Armour
  5247 | D:6      | Noticed Edmund
  5263 | D:6      | Killed Edmund
  5264 | D:6      | Reached skill level 5 in Invocations
  5757 | D:7      | Found Ymeiceng's Book Shoppe.
  6017 | D:4      | Bought an embroidered cloak for 127 gold pieces
  6074 | D:7      | Found a hide-covered altar of Uskayaw.
  6184 | D:7      | Found a staircase to the Ecumenical Temple.
  6193 | Temple   | Entered the Ecumenical Temple
  6248 | D:7      | Reached XP level 9. HP: 62/68 MP: 13/13
  6704 | D:7      | Learned a level 3 spell: Mephitic Cloud
  7116 | D:8      | Became a worshipper of Beogh the Shepherd
  7265 | D:8      | Found Negih's Jewellery Shoppe.
  7266 | D:8      | Found Piwnaw's Antique Armour Emporium.
  7268 | D:8      | Found Ysoiz's Jewellery Shop.
  7269 | D:8      | Found Jofo's Magic Scroll Shoppe.
  7323 | D:8      | Bought a scroll of identify for 32 gold pieces
  7429 | D:9      | Noticed a two-headed ogre
  7441 | D:9      | Slain by a two-headed ogre

Illustrated notes

Levels and vault maps discovered:
D:1:      ncdulo_smallfort, layout_loops_ring,
          shapermc_ecumenical_altar_rom_forum
D:2:      layout_loops_ring, minivault_4, uniq_natasha, uniq_terence,
          uniq_crazy_yiuf_cottage
D:3:      cheibrodos_old_hovel, layout_loops_corners, serial_shops, shop,
          kennysheep_generic_room_14
D:4:      layout_loops_ring, serial_shops, shop
D:5:      layout_loops_cross, regret_index_temple_of_mockery,
          nicolae_custom_books, nicolae_shop_clearance
D:6:      layout_cave_pools, uniq_edmund
D:7:      layout_basic, mainiacjoe_overflow_24_doors, temple_fountains,
          serial_shops, nicolae_shop_statue_plus, minmay_misc_feat_diagonals
D:8:      layout_loops_cross, nicolae_wooded_promenade
D:9:      nzn_winding_woodlands_large [nzn_winding_woodlands_5x5_three,
          nzn_winding_woodlands_5x15_eye,
          nzn_winding_woodlands_5x5_checkerboard,
          nzn_winding_woodlands_center_lodge,
          nzn_winding_woodlands_15x15_thick_spiral,
          nzn_winding_woodlands_center_triple_pond,
          nzn_winding_woodlands_hourglass, nzn_winding_woodlands_5x15_sawtooth,
          nzn_winding_woodlands_5x5_closed_star], layout_gridville,
          hangedman_decor_slide_cut
Temple:   nicolae_temple_bog_church

Skill      XL: |  1  2  3  4  5  6  7  8  9 |
---------------+----------------------------+-----
Fighting       | 1 2 3 4 5 |  5.0
Ranged Weapons | 1 |  1.1
Armour         | 1 2 3 4 6 |  6.7
Invocations    | 1 2 3 5 6 |  6.2
Dodging        | |  1.7
Stealth        | |  1.5
Spellcasting   | |  1.7
Conjurations   | |  0.8
Alchemy        | |  3.2

Action                     |  1- 3 |  4- 6 |  7- 9 || total
---------------------------+-------+-------+-------++-------
  Melee: Mace              |    15 |   163 |   391 ||   569
         Whip              |    13 |     5 |       ||    18
   Cast: Sting             |    40 |    32 |    29 ||   101
         Mephitic Cloud    |       |       |     5 ||     5
 Invoke: Convert to Beogh  |       |       |     1 ||     1
  Evoke: Wand              |       |     2 |     7 ||     9
    Use: Scroll            |       |     3 |     8 ||    11
         Potion            |       |       |     1 ||     1
   Stab: Sleeping          |     1 |     9 |     4 ||    14
         Confused          |       |       |     4 ||     4
 Armour: Robe              |    13 |    70 |   189 ||   272
  Dodge: Dodged            |    13 |    73 |   140 ||   226

Table legend: (Time is in decaauts)
 A = Elapsed time spent in this place.
 B = Non-inter-level travel time spent in this place.
 C = Inter-level travel time spent in this place.
 D = Time resting spent in this place.
 E = Time spent auto-exploring this place.
 F = Levels seen in this place.
 G = Mean time per level.
                   A        B        C        D        E       F      G
               +--------+--------+--------+--------+--------+-----+--------+
         Total |   7594 |   7229 |    365 |   1044 |   4460 |  10 |  759.4 |
       Dungeon |   7592 |   7227 |    365 |   1044 |   4460 |   9 |  843.6 |
        Temple |      1 |      1 |      0 |      0 |      0 |   1 |    1.0 |
               +--------+--------+--------+--------+--------+-----+--------+

Top non-repeatable levels by time:
     D:5: 1239 daAuts
     D:1: 1179 daAuts
     D:7: 1048 daAuts
     D:2: 1006 daAuts
     D:3: 905 daAuts
     D:6: 886 daAuts
     D:4: 724 daAuts
     D:8: 564 daAuts
     D:9: 38 daAuts
  Temple: 1 daAuts
